 Dungeon Crawl Stone Soup version 0.31.0-11-ge490571c62 (webtiles) character file.

Game seed: 17715397587034004283

59075 EonDragon20 the Frost Mage (level 14, -1/104 HPs)
             Began as a Merfolk Ice Elementalist on Feb 8, 2024.
             Was the Champion of Fedhas.
             Slain by a flayed ghost (14 damage)
             ... on level 12 of the Dungeon.
             The game lasted 01:39:13 (24443 turns).

EonDragon20 the Frost Mage (MfIE)                  Turns: 24443, Time: 01:39:14

Health: -1/104     AC:  3    Str:  9    XL:     14   Next: 93%
Magic:  16/24      EV: 21    Int: 19    God:    Fedhas [******]
Gold:   1662       SH:  0    Dex: 14    Spells: 8/26 levels left

rFire   . . .        y - staff of cold
rCold   + . .        (no shield)
rNeg    . . .        a - +1 robe
rPois   .            I - +2 hat
rElec   .            r - scarf {shadows}
rCorr   .            v - +0 pair of gloves
SInv    +            A - +0 pair of boots
Will    +....        h - amulet of magic regeneration
Stlth   +            c - ring of see invisible
HPRegen 0.37/turn    l - +5 ring of evasion
MPRegen 0.59/turn

%: no passive effects
@: confused, about to teleport, flayed, corroded
A: (nimble swimmer 2), mertail
a: Renounce Religion, Wall of Briars, Grow Ballistomycete, Overgrow, Grow Oklob


You were on level 12 of the Dungeon.
You worshipped Fedhas.
Fedhas was exalted by your worship.
You visited 4 branches of the dungeon, and saw 19 of its levels.
You also visited: Bailey.

You collected 1662 gold pieces.

Inventory:

Hand Weapons
 m - a +1 spear of freezing
Missiles
 n - 4 throwing nets
Armour
 a - a +1 robe (worn)
 r - a scarf of shadows (worn)
 v - a +0 pair of gloves (worn)
 A - a +0 pair of boots (worn)
 I - a +2 hat (worn)
Magical Staves
 y - a staff of cold (weapon)
Jewellery
 c - a ring of see invisible (left hand)
 g - a +4 ring of protection
 h - an amulet of magic regeneration (around neck)
 l - a +5 ring of evasion (right hand)
 o - a ring of wizardry
 w - an amulet of regeneration
 z - a ring of protection from fire
 B - an amulet of the acrobat
 O - a ring of willpower
 P - a ring of fire
 T - the amulet of Meinycw {RegenMP *Slow Will++ Dex+3 Stlth+}
   (You found it on level 3 of the Lair of Beasts)

   [amulet of magic regeneration]

   RegenMP:   It increases your rate of magic regeneration.
   Dex+3:     It affects your dexterity (+3).
   Will++:    It greatly increases your willpower.
   *Slow:     It may slow you when you take damage.
   Stlth+:    It makes you more stealthy.
 U - a +6 ring of strength
Wands
 t - a wand of charming (5)
 G - a wand of flame (5)
 V - a wand of roots (3)
Scrolls
 d - 4 scrolls of identify
 k - a scroll of brand weapon
 s - 3 scrolls of immolation
 u - 2 scrolls of amnesia
 x - 4 scrolls of revelation
 F - 2 scrolls of vulnerability
 J - a scroll of teleportation
 K - 2 scrolls of butterflies
 L - a scroll of silence
 Q - 3 scrolls of enchant weapon
 S - a scroll of fog
 W - 2 scrolls of enchant armour
 X - a scroll of poison {unknown}
Potions
 b - 3 potions of magic
 e - a potion of lignification {unknown}
 f - 8 potions of curing
 i - 5 potions of brilliance
 j - 2 potions of enlightenment
 p - 3 potions of haste {unknown}
 q - 4 potions of mutation
 C - 3 potions of resistance
 D - 2 potions of might {unknown}
 E - 2 potions of heal wounds {unknown}
 M - 3 potions of attraction {unknown}
 N - a potion of ambrosia
 R - a potion of cancellation {unknown}
Miscellaneous
 H - a lightning rod (4/4)


   Skills:
 * Level 7.6 Fighting
 - Level 7.4(8.0) Polearms
 * Level 2.9(4.2) Staves
 * Level 9.7 Dodging
 - Level 6.9 Stealth
 * Level 6.9 Spellcasting
 - Level 9.0 Conjurations
 - Level 4.0 Summonings
 - Level 13.0 Ice Magic
 - Level 8.9 Air Magic
 - Level 8.2 Invocations
 - Level 5.8 Evocations


You had 8 spell levels left.
You knew the following spells:

 Your Spells              Type           Power      Damage    Failure   Level
a - Freeze                Ice            100%       1d10      1%          1
b - Frozen Ramparts       Ice            100%       1d16      1%          3
c - Ozocubu's Armour      Ice            71%        N/A       1%          3
d - Summon Ice Beast      Ice/Summ       55%        N/A       1%          3
e - Freezing Cloud        Conj/Ice/Air   31%        6-21      4%          5
f - Call Canine Familiar  Summ           22%        N/A       6%          3

Your spell library contained the following spells:

 Spells                   Type           Power      Damage    Failure   Level
 Cigotuvi's Dreadful Rot  Necr/Alch/Air  34%        N/A       4%          2
 Slow                     Hex            24%        N/A       11%         1
 Jinxbite                 Hex            12%        N/A       16%         2
 Lesser Beckoning         Tloc           12%        N/A       16%         2
 Metabolic Englaciation   Hex/Ice        23%        N/A       21%         5
 Confusing Touch          Hex            6%         N/A       30%         3
 Gell's Gravitas          Tloc           6%         N/A       30%         3
 Inner Flame              Hex/Fire       6%         N/A       30%         3
 Sigil of Binding         Hex            6%         N/A       30%         3
 Teleport Other           Tloc           6%         N/A       30%         3
 Vampiric Draining        Necr           6%         2d6       30%         3
 Irradiate                Conj/Alch      11%        3d15      41%         5
 Dimensional Bullseye     Hex/Tloc       3%         N/A       71%         4
 Ignite Poison            Fire/Alch      6%         N/A       71%         4
 Sculpt Simulacrum        Ice/Alch       23%        N/A       73%         6
 Yara's Violent Unravell  Hex/Alch       3%         3d4       96%         5
 Enfeeble                 Hex            3%         N/A       100%        7
 Ignition                 Fire           3%         3d4       100%        8


Dungeon Overview and Level Annotations

Branches:
Dungeon (12/15)            Temple (1/1) D:5            Lair (4/5) D:8
 Shoals (0/4) Lair:3        Snake (0/4) Lair:2        Slime (0/5) Lair:4
    Orc (2/2) D:9             Elf (0/3) Orc:2        Bailey (visited)

Altars:
Ashenzari
Cheibriados
Dithmenos
Elyvilon
Fedhas
Gozag
Hepliaklqana
Kikubaaqudgha
Makhleb
Nemelex Xobeh
Okawaru
Qazlal
Ru
Sif Muna
Trog
Uskayaw
Vehumet
Wu Jian
Xom
Yredelemnul
Zin
The Shining One
Jiyva

Shops:
D:1 (   Orc:2 [!*(

Annotations:
D:1 1 runed translucent door
D:2 Natasha
D:4 1 runed translucent door, rozman's ghost, amateur DECj
D:8 2 transporters, mkat's ghost, novice NaSh
D:11 3 runed translucent doors, abcdefg's ghost, novice FoHu


Innate Abilities, Weirdness & Mutations

((You are very nimble when in or above water. (Stealth+, EV+, Speed+++)))
Your lower body shifts to a powerful aquatic tail in water.


Message History

The wall freezes the jiangshi but does no damage.
The jiangshi claws you but does no damage.
The jiangshi misses you.
The wall freezes the vampire mage but does no damage.
The vampire mage hits you but does no damage.
The vampire mage bites you but does no damage.
Your surroundings suddenly seem different.
Your icy armour cracks and falls away as you move.
The frozen ramparts melt away as you move. 5 golden eyes, a flayed ghost, a guardian serpent, a fire bat and a guardian mummy come into view.
The guardian mummy is wielding a +0 longbow of chaos.
Found seven items.
As you read the scroll of teleportation, it crumbles to dust.
You feel strangely unstable.
The golden eye turns its gaze towards you.
The golden eye blinks at you. You resist with almost no effort.
Unknown command.
Okay, then.
A briar patch grows up from the ground. x4
The golden eye blinks at you.
You are confused.
The flayed ghost closely misses you.
You feel better. The fire bat barely misses you. x2
The fire bat bites your briar patch but does no damage.
The flayed ghost cries, "Feel what I felt!"
Terrible wounds open up all over your body!
* * * LOW HITPOINT WARNING * * *
The golden eye turns its gaze towards you.
You walk carefully through the plants.
The fire bat misses you.
The golden eye blinks!
The golden eye blinks at you.
You are confused.
The golden eye blinks!
The guardian mummy shoots an arrow.
The arrow hits you!
* * * LOW HITPOINT WARNING * * *
The acid corrodes you! The golden eye blinks at you.
You resist with some effort. The flayed ghost hits you!
You die...
Fedhas appreciates your contribution to the ecosystem.

#.....######## ########..)..##
#
.......##....###....##..%§...#
#
##.....#....()#.[....#.....###
# ####..#......#......#..#### #
##............#............####
#
..............#...........)...#
#
.......##...#####...##........#
#
....#####################.....#
# .#### ..G|§P@P.## ####..# #
...# .G§..P.WG.# ##....# #
....# ..S###.M..[####.....# #
......# .G ##b...##YVZ....# #
.......# ...:#W.VW..^.# #
##..#### ...#####..#### # ...
.#####........# # V...
...##V.........# #
........##.....# #


You could see a flayed ghost, a guardian mummy, a guardian serpent (asleep), a
fire bat (ally target) and 4 golden eyes.

Vanquished Creatures
  Gastronok (D:10)
  2 orc warlords (Orc:1)
  Snorg (Lair:4)
  A rakshasa (D:12)
  2 hydras (Lair:4)
  3 death yaks (D:8)
  A two-headed ogre (D:10)
  Urug (Lair:3)
  5 orc high priests
  A skeletal warrior (D:12)
  4 orc knights
  A lindwurm (Lair:3)
  A deep elf zephyrmancer (Orc:1)
  A deep elf archer (Orc:1)
  A deep elf pyromancer (D:12)
  4 orc sorcerers
  An ugly thing (D:12)
  A cyclops (D:12)
  A meliai (shapeshifter) (D:12)
  5 kobold blastminers
  2 black mambas (Lair:3)
  5 elephants (Lair:1)
  A gargoyle (D:12)
  A torpor snail (Lair:1)
  Maggie (Lair:1)
  2 rime drakes (Lair:2)
  8 cane toads
  Jeremiah (D:8)
  4 unseen horrors
  7 komodo dragons
  2 guardian mummies (D:12)
  A polar bear (Lair:1)
  4 merfolk (Lair:3)
  A queen bee (shapeshifter) (D:12)
  2 trolls
  11 blink frogs
  A tarantella (Orc:1)
  6 dream sheep (Lair:4)
  Grinder (D:6)
  A shadow (D:9)
  2 wyverns (D:10)
  A wraith (D:10)
  3 vampires (D:12)
  A yak (shapeshifter) (D:12)
  2 basilisks
  39 yaks
  4 wargs
  7 steam dragons
  7 vampire mosquitoes
  3 nagas (Lair:2)
  A naga (shapeshifter) (D:12)
  An acid dragon (D:10)
  10 water moccasins
  Duvessa (D:5)
  2 spectral shapeshifters (D:12)
  37 orc warriors
  An ice beast (D:7)
  2 black bears
  14 ogres
  2 centaurs
  6 wolves
  2 kobold brigands
  5 bullfrogs
  5 scorpions
  A shapeshifter zombie (D:12)
  6 killer bees (D:10)
  9 howler monkeys
  3 bombardier beetles
  3 hounds
  Ijyb (D:4)
  Natasha (twice) (D:2)
  A gnoll bouda (D:4)
  34 orc priests
  2 sleepcaps (D:5)
  4 iguanas
  28 orc wizards
  A hell rat (D:8)
  18 gnolls
  6 adders
  A river rat (D:8)
  A shadow imp (D:6)
  3 dart slugs
  4 ribbon worms
  75 orcs
  4 bats
  7 endoplasms
  2 giant cockroaches
  18 goblins
  13 hobgoblins
  4 jackals
  4 quokkas
  9 ball pythons
  2 frilled lizards (D:1)
  10 kobolds
  4 rats
538 creatures vanquished.

Vanquished Creatures (collateral kills)
  2 two-headed ogres (D:9)
  2 orc knights (Orc:1)
  An ugly thing (D:12)
  A cane toad (shapeshifter) (D:12)
  A kobold demonologist (D:10)
  A guardian mummy (D:12)
  A vampire (D:12)
  2 wraiths
  A vampire mosquito (D:11)
  2 spectral shapeshifters (D:12)
  3 orc warriors
  2 ice beasts
  An ogre (D:9)
  A scorpion (shapeshifter) (D:12)
  Dowan (D:5)
  A shapeshifter zombie (D:12)
  An orc (Orc:1)
  2 goblins (D:10)
  A kobold (D:8)
27 creatures vanquished.

Vanquished Creatures (others)
  A gnoll bouda (D:6)
  A sleepcap (D:6)
  A kobold (D:8)
3 creatures vanquished.

Grand Total: 568 creatures vanquished

Notes
Turn   | Place    | Note
-------+----------+-------------------------------------------
     0 | D:1      | EonDragon20 the Merfolk Ice Elementalist began the quest
                  | for the Orb.
     0 | D:1      | Reached XP level 1. HP: 13/13 MP: 3/3
     1 | D:1      | Found a runed translucent door.
   106 | D:1      | Reached XP level 2. HP: 19/19 MP: 3/5
   456 | D:1      | Found Guegaxt's Antique Weapon Boutique.
   518 | D:1      | Reached XP level 3. HP: 24/24 MP: 3/6
   551 | D:1      | Learned a level 3 spell: Frozen Ramparts
   555 | D:1      | Learned a level 3 spell: Ozocubu's Armour
   657 | D:1      | Reached skill level 5 in Ice Magic
  1061 | D:2      | Noticed Natasha
  1075 | D:2      | Killed Natasha
  1076 | D:2      | Reached XP level 4. HP: 5/30 MP: 0/8
  1477 | D:2      | Reached XP level 5. HP: 28/35 MP: 1/10
  1551 | D:2      | Learned a level 3 spell: Summon Ice Beast
  1580 | D:2      | Found a faded altar of an unknown god.
  1674 | D:2      | Noticed Natasha
  1682 | D:2      | Killed Natasha
  1878 | D:2      | Noticed Natasha
  2064 | D:3      | Reached skill level 1 in Polearms
  2446 | D:3      | Reached skill level 1 in Fighting
  2626 | D:4      | Reached skill level 6 in Ice Magic
  2626 | D:4      | Reached XP level 6. HP: 32/43 MP: 4/11
  3167 | D:4      | Reached XP level 7. HP: 51/51 MP: 9/12
  3366 | D:4      | Noticed Ijyb
  3379 | D:4      | Killed Ijyb
  3558 | D:4      | Found a runed translucent door.
  3566 | D:4      | Noticed rozman's ghost (amateur DECj)
  3722 | D:4      | Identified a scroll of acquirement
  3722 | D:4      | Acquired a scarf of shadows
  3733 | D:5      | Entered Level 5 of the Dungeon
  3774 | D:5      | Reached skill level 5 in Dodging
  4155 | D:5      | Reached XP level 8. HP: 60/60 MP: 14/14
  4247 | D:5      | Found a staircase to the Ecumenical Temple.
  4307 | Temple   | Entered the Ecumenical Temple
  4338 | Temple   | Became a worshipper of Fedhas Madash
  4515 | D:5      | Noticed Dowan
  4516 | D:5      | Noticed Duvessa
  4544 | D:5      | Killed Duvessa
  4545 | D:5      | Reached skill level 5 in Polearms
  4551 | D:5      | Killed Dowan
  4927 | D:5      | Found a radiant altar of Vehumet.
  5549 | D:6      | Reached skill level 5 in Fighting
  5549 | D:6      | Reached skill level 5 in Spellcasting
  5564 | D:6      | Reached XP level 9. HP: 68/68 MP: 14/16
  5603 | D:6      | Noticed a troll
  5613 | D:6      | Killed a troll
  5614 | D:6      | Reached skill level 5 in Stealth
  5721 | D:6      | Found the +18 Lear's hauberk
  5744 | D:6      | Reached * piety under Fedhas
  5826 | D:6      | Found a white marble altar of Elyvilon.
  5866 | D:6      | Found a glowing golden altar of the Shining One.
  5866 | D:6      | Noticed Grinder
  5941 | D:6      | Killed Grinder
  6122 | D:6      | Found a snail-covered altar of Cheibriados.
  7333 | D:7      | Reached ** piety under Fedhas
  7351 | D:7      | Acquired a staff of cold
  7691 | D:8      | Noticed a death yak
  7849 | D:8      | Reached XP level 10. HP: 73/77 MP: 16/19
  7862 | D:8      | Reached skill level 1 in Staves
  7959 | D:8      | Found a shadowy altar of Dithmenos.
  7963 | D:8      | Noticed Jeremiah
  7973 | D:8      | Killed Jeremiah
  8121 | D:8      | Found a transporter.
  8123 | D:8      | Found a transporter.
  8127 | D:8      | Noticed a moth of wrath
  8146 | D:8      | Noticed mkat's ghost (novice NaSh)
  8217 | D:8      | Found a sparkling altar of Nemelex Xobeh.
  8257 | D:8      | Noticed a death yak
  8261 | D:8      | Noticed a death yak
  8460 | D:9      | Learned a level 5 spell: Freezing Cloud
  8467 | D:9      | Noticed a two-headed ogre
  8720 | D:8      | Found a stormy altar of Qazlal.
  8812 | D:9      | Noticed a two-headed ogre
  9252 | D:9      | Found a staircase to the Orcish Mines.
  9372 | D:9      | Reached skill level 1 in Conjurations
  9372 | D:9      | Reached skill level 1 in Air Magic
  9508 | D:10     | Entered Level 10 of the Dungeon
  9768 | D:10     | Found a flagged portal.
  9788 | Bailey   | Entered a bailey
  9853 | Bailey   | Noticed an orc knight
  9865 | Bailey   | Reached *** piety under Fedhas
  9878 | Bailey   | Killed an orc knight
 10175 | Bailey   | Reached skill level 7 in Ice Magic
 10416 | Bailey   | Noticed an orc warlord
 10501 | D:10     | Reached XP level 11. HP: 45/83 MP: 20/20
 10652 | D:10     | Reached skill level 8 in Ice Magic
 10821 | D:10     | Reached **** piety under Fedhas
 10880 | D:10     | Noticed a two-headed ogre
 10893 | D:10     | Killed a two-headed ogre
 11007 | D:10     | Noticed Gastronok
 11071 | D:10     | Killed Gastronok
 11072 | D:10     | Reached skill level 5 in Conjurations
 11072 | D:10     | Reached skill level 9 in Ice Magic
 11106 | D:10     | Reached skill level 5 in Air Magic
 11670 | D:9      | Killed a two-headed ogre
 11856 | D:9      | Killed a two-headed ogre
 11878 | D:9      | Found a hazy altar of Hepliaklqana.
 12250 | D:8      | Found a staircase to the Lair.
 12266 | D:8      | Killed a death yak
 12270 | D:8      | Killed a death yak
 12271 | D:8      | Reached XP level 12. HP: 85/89 MP: 7/21
 12271 | D:8      | Killed a death yak
 12272 | D:8      | Reached skill level 10 in Ice Magic
 12341 | Lair:1   | Entered Level 1 of the Lair of Beasts
 12347 | Lair:1   | Noticed Maggie
 12822 | Lair:1   | Killed Maggie
 12900 | Lair:1   | Reached ***** piety under Fedhas
 13095 | Lair:1   | Reached skill level 11 in Ice Magic
 13878 | Lair:2   | Found a staircase to the Snake Pit.
 14271 | Lair:2   | Reached XP level 13. HP: 95/95 MP: 10/22
 14660 | Lair:2   | Reached skill level 12 in Ice Magic
 15386 | Lair:3   | Found a staircase to the Shoals.
 15636 | Lair:3   | Noticed Urug
 15697 | Lair:3   | Identified the amulet of Meinycw {RegenMP *Slow Will++
                  | Dex+3 Stlth+}
 15795 | Lair:3   | Killed Urug
 16215 | Lair:4   | Noticed Snorg
 16561 | Lair:4   | Reached ****** piety under Fedhas
 16745 | Lair:4   | Reached skill level 13 in Ice Magic
 16764 | Lair:4   | Found a viscous altar of Jiyva.
 16765 | Lair:4   | Found a staircase to the Slime Pits.
 16775 | Lair:4   | Killed Snorg
 17093 | Lair:4   | Learned a level 3 spell: Call Canine Familiar
 17552 | D:11     | Found a runed translucent gate.
 17552 | D:11     | Found a runed translucent gate.
 17552 | D:11     | Found a runed translucent gate.
 17553 | D:11     | Noticed abcdefg's ghost (novice FoHu)
 17741 | D:11     | Reached skill level 1 in Summonings
 18767 | D:12     | Found a basalt altar of Yredelemnul.
 18767 | D:12     | Found an ancient bone altar of Kikubaaqudgha.
 18767 | D:12     | Found a shimmering altar of Xom.
 18831 | D:12     | Reached XP level 14. HP: 99/103 MP: 11/24
 19250 | D:12     | Reached skill level 1 in Invocations
 19396 | D:12     | Identified the +0 ring mail of Midsummer {rPois rC++}
 19946 | D:12     | Identified the +6 glaive of Hulaut {drain, Stlth+}
 20272 | Orc:1    | Entered Level 1 of the Orcish Mines
 20639 | Orc:1    | Reached skill level 5 in Invocations
 20660 | Orc:1    | Noticed an orc warlord
 20705 | Orc:1    | Killed an orc warlord
 21387 | Orc:1    | Identified the +1 scimitar of Ascent {venom, Str+3}
 21966 | Orc:1    | Noticed an orc warlord
 21985 | Orc:1    | Killed an orc warlord
 22206 | Orc:1    | Reached skill level 1 in Evocations
 22278 | Orc:2    | Entered Level 2 of the Orcish Mines
 22847 | Orc:2    | Found a staircase to the Elven Halls.
 23281 | Orc:2    | Paralysed by an orc sorcerer for 2 turns
 23290 | Orc:2    | Reached skill level 5 in Evocations
 23425 | Orc:2    | Found Cyocw's Distillery.
 23426 | Orc:2    | Found Pymir's Weapon Shop.
 23431 | Orc:2    | Found Hafun's Armour Boutique.
 23431 | Orc:2    | Found Zitheiho's General Store.
 24439 | D:12     | Found the +6 Majin-Bo {spellvamp, MP+6 Int+6}
 24443 | D:12     | Slain by a flayed ghost

Illustrated notes

Levels and vault maps discovered:
D:1:      dpeg_arrival_caged_fury, layout_rooms, serial_shops,
          nicolae_shop_crystal, chequers_serial_rivers_micro_c
D:2:      layout_loops_ring, shapermc_ecumenical_altar_ellora,
          serial_bayou_pond_b, minmay_misc_feat_encased, glass_columns_a,
          uniq_natasha
D:3:      layout_basic
D:4:      layout_loops_ring, ebering_ghost_inner_flame, uniq_ijyb
D:5:      layout_gridville, mainiacjoe_overflow_small_starburst,
          minmay_temple_entry_poolview, minmay_misc_feat_pillars,
          roderic_serpentine_path, uniq_duvessa
D:6:      layout_loops_cross, overflow_temple_1_default,
          mainiacjoe_overflow_boulevard, nicolae_elyvilon_peaceful_grove,
          hellmonk_guarded_unrand_lears, uniq_grinder
D:7:      layout_gridville
D:8:      layout_rooms, mainiacjoe_overflow_big_doors,
          nicolae_qazlal_eye_of_the_storm, dpeg_lair_monsters,
          gammafunk_ghost_wrathful_warriors, uniq_jeremiah
D:9:      layout_basic, mainiacjoe_overflow_tiny_flanked, david_orc_3,
          minmay_misc_feat_secret_circle
D:10:     minmay_octagon_keep, layout_stronghold, enter_bailey_5,
          kennysheep_generic_room_12, uniq_gastronok
D:11:     layout_stronghold, gammafunk_ghost_split
D:12:     skrybe_chaotic_catacombs, layout_basic, minmay_holes,
          amethyst_killhole
Temple:   eino_temple_water
Lair:1:   layout_loops_ring, lemuel_fruit_tree, uniq_maggie
Lair:2:   layout_hall_layers, nicolae_snake_entry_squirm,
          bobbens_dragon_lair_wall
Lair:3:   layout_cave_pods, elwin_shoals_entry_stream,
          small_statue_intersection, lemuel_fruit_fields, uniq_urug
Lair:4:   layout_gridlike, slime_entry_1, uniq_snorg
Orc:1:    nicolae_orc_accident_3, layout_diamond_mine, elf_legates
Orc:2:    st_orc_mages, layout_caves, library_closet

Skill      XL: |  1  2  3  4  5  6  7  8  9 10 11 12 13 14 |
---------------+-------------------------------------------+-----
Ice Magic      | 5 6 7 9 11 13 | 13.0
Spellcasting   | 3 4 5 6 |  6.9
Polearms       | 1 3 4 6 7 |  7.4
Dodging        | 3 4 5 6 8 9 |  9.7
Fighting       | 1 2 3 5 6 7 |  7.6
Stealth        | 3 4 6 |  6.9
Staves         | 1 2 |  2.9
Conjurations   | 3 5 7 9 |  9.0
Air Magic      | 3 5 7 8 |  8.9
Summonings     | 2 4 |  4.0
Invocations    | 8 |  8.2
Evocations     | 5 |  5.8

Action                     |  1- 3 |  4- 6 |  7- 9 | 10-12 | 13-15 || total
---------------------------+-------+-------+-------+-------+-------++-------
  Melee: Unarmed           |    21 |       |       |       |       ||    21
         Spear             |       |    94 |   271 |    66 |       ||   431
         Punch             |       |       |     2 |     4 |     1 ||     7
         Staff             |       |       |     1 |    37 |    43 ||    81
         Tailslap          |       |       |       |     1 |       ||     1
   Cast: Freeze            |    44 |     2 |    12 |   154 |    53 ||   265
         Frozen Ramparts   |     1 |    31 |    52 |    71 |    26 ||   181
         Ozocubu's Armour  |     1 |     5 |    14 |    26 |     3 ||    49
         Summon Ice Beast  |       |       |    10 |    30 |    55 ||    95
         Freezing Cloud    |       |       |       |    24 |   247 ||   271
         Call Canine Famil |       |       |       |       |     9 ||     9
 Invoke: Wall of Briars    |       |       |       |       |     2 ||     2
  Evoke: Wand              |       |       |       |       |     3 ||     3
         Lightning rod     |       |       |       |       |     2 ||     2
    Use: Scroll            |       |     6 |     8 |     8 |     5 ||    27
         Potion            |       |       |       |       |     3 ||     3
   Stab: Sleeping          |       |       |     1 |       |       ||     1
         Distracted        |       |       |     2 |     1 |       ||     3
 Armour: Robe              |    29 |    44 |   105 |   151 |   121 ||   450
  Dodge: Dodged            |    34 |    93 |   241 |   331 |   180 ||   879
